[Event "XV Closed IM BCC 2021"]
[Site "Barcelona"]
[Date "2021.05.11"]
[Round "8.3"]
[White "Saya, Ethan"]
[Black "Hernandez, Cristian Andres"]
[Result "1-0"]
[ECO "B23"]
[WhiteElo "2230"]
[BlackElo "2357"]
[Annotator "RC"]
[PlyCount "74"]
[EventDate "2021.05.03"]
[EventType "tourn"]
[EventCountry "ESP"]
[SourceTitle "playchess.com"]
[Source "ChessBase"]
[SourceQuality "1"]
[TimeControl "5400+30"]

1. e4 c5 2. Nc3 e6 3. g3 d5 4. Bg2 Nf6 5. d3 Nc6 6. exd5 Nxd5 7. Nge2 Be7 8. O-O O-O 9. Nxd5 exd5 10. Nf4 d4 11. Nd5 Be6 12. Nxe7+ Qxe7 13. Re1 Qd7 14. Bd2 Bd5 15. Bxd5 Qxd5 16. Qe2 f6 17. Qe6+ Qxe6 18. Rxe6 Kf7 19. Re4 Rfe8 20. Rae1 Rxe4 21. Rxe4 b5 22. f4 a5 23. Kf2 Nb4 24. Re1 Nxa2 25. Ra1 Nb4 26. Bxb4 cxb4 27. Ke2 a4 28. Kd2 Re8 29. Rf1 Ke6 30. Re1+ Kd7 31. Ra1 Kd6 32. Rf1 Kc5 33. Ra1 h5 34. Rg1 a3 35. b3 Kd5 36. Ra1 Re3 37. Rg1 Ke6 1-0

[Event "XV Closed IM BCC 2021"]
[Site "Barcelona"]
[Date "2021.05.12"]
[Round "9.3"]
[White "Hernandez, Cristian Andres"]
[Black "Lucas, Arthur"]
[Result "1-0"]
[ECO "E91"]
[WhiteElo "2357"]
[BlackElo "2310"]
[Annotator "ChessBase"]
[PlyCount "117"]
[EventDate "2021.05.03"]
[EventType "tourn"]
[EventCountry "ESP"]
[SourceTitle "playchess.com"]
[Source "ChessBase"]
[SourceQuality "1"]
[TimeControl "5400+30"]

1. c4 Nf6 2. Nc3 g6 3. d4 Bg7 4. e4 d6 5. Nf3 O-O 6. Be2 Na6 7. O-O e5 8. Re1 c6 9. Rb1 exd4 10. Nxd4 Nc5 11. f3 a5 12. b3 Re8 13. Be3 Qe7 14. Bf1 Be6 15. Qc2 Rad8 16. Qf2 Bc8 17. Rbd1 Nh5 18. Qd2 Qc7 19. Bg5 Bf6 20. Be3 Ng7 21. Bf2 Nge6 22. Nxe6 Nxe6 23. g3 Bg7 24. f4 Nc5 25. Bd4 Bg4 26. Bxg7 Kxg7 27. Qd4+ Kg8 28. Rd2 f5 29. Bg2 fxe4 30. Nxe4 Nxe4 31. Rxe4 Rxe4 32. Qxe4 Qb6+ 33. Qd4 Qxd4+ 34. Rxd4 Kf7 35. Kf2 Ke7 36. h3 Bf5 37. g4 Be6 38. Be4 Ra8 39. Bc2 Rb8 40. Ke3 b6 41. f5 gxf5 42. gxf5 Bd7 43. Rh4 Rh8 44. Rh6 Be8 45. Kf4 b5 46. cxb5 cxb5 47. Be4 Bf7 48. f6+ Ke6 49. Bf5+ Kd5 50. Rxh7 Rxh7 51. Bxh7 Ke6 52. Kg5 d5 53. h4 d4 54. h5 Bxh5 55. Kxh5 Kxf6 56. Kg4 Ke5 57. Kf3 Kd5 58. Bd3 Kc5 59. a3 1-0